 Dungeon Sprint DCSS version 0.26.1-10-gdfb7c7de75 (webtiles) character file.

Game seed: 6850715632147991351

1206 phalm the Grappler (level 8, -9/73 HPs)
             Began as a Vine Stalker Berserker on Apr 8, 2021.
             Was an Elder of Trog.
             Shot with an arrow by a centaur warrior (18 damage)
             ... in the Dungeon (Sprint I: "Red Sonja").
             The game lasted 00:01:44 (343 turns).

phalm the Grappler (Vine Stalker Berserker)          Turns: 343, Time: 00:01:44

Health: -9/73      AC:  6    Str: 20    XL:     8   Next: 45%
Magic:  0/9        EV: 17    Int: 11    God:    Trog [****..]
Gold:   151        SH:  0    Dex: 16    Spells: 7/7 levels left

rFire    . . .     SeeInvis .     - Unarmed
rCold    . . .     Faith    .   (no shield)
rNeg     . . .     Spirit   +   j - +2 robe "Zuxzemen" {Int+4}
rPois    .         Reflect  .   (no helmet)
rElec    .         Harm     .   (no cloak)
rCorr    .         Rampage  .   (no gloves)
Will     +....     NoTele   +   k - +0 pair of boots
Stlth    ..........             (no amulet)
HPRegen  0.62/turn              (no ring)
MPRegen  0.11/turn              (no ring)

@: berserking, slow
A: fangs 3, deterioration 1, regeneration 1, magic shield, antimagic bite, no
potion heal 3
a: Renounce Religion, Berserk, Trog's Hand, Brothers in Arms


You were in the Dungeon.
You worshipped Trog.
Trog was greatly pleased with you.
You visited 1 branch You collected 405 gold pieces.
You spent 254 gold pieces at shops.

Inventory:

Armour
 a - a +0 animal skin
 i - a +0 robe of fire resistance
 j - the +2 robe "Zuxzemen" (worn) {Int+4}
   (You bought it in a shop in the Dungeon)

   It affects your intelligence (+4).
 k - a +0 pair of boots (worn)
Wands
 h - a wand of random effects (11)
Scrolls
 f - a scroll of blinking
Potions
 b - a potion of curing
 c - a potion of haste
 d - 2 potions of magic
 e - a potion of berserk rage
 g - a potion of lignification {unknown}


   Skills:
 + Level 8.9 Fighting
 + Level 7.8 Armour
 + Level 7.8 Dodging
 + Level 9.6 Unarmed Combat


You had 7 spell levels left.
You didn't know any spells.
Your spell library was empty.

Dungeon Overview and Level Annotations

Branches:
Dungeon (1/1)

Altars:
Cheibriados
Dithmenos
Elyvilon
Fedhas
Gozag
Hepliaklqana
Kikubaaqudgha
Makhleb
Nemelex Xobeh
Okawaru
Qazlal
Ru
Sif Muna
Trog
Uskayaw
Vehumet
Wu Jian
Xom
Yredelemnul
Zin
The Shining One
Jiyva
Lugonu

Shops:
D [


Innate Abilities, Weirdness & Mutations

You have razor-sharp teeth.
Your natural rate of healing is unusually fast.
When hurt, damage is shared between your health and your magic reserves.
Your bite disrupts and absorbs the magic of your enemies.
Potions cannot restore your health.
Your body sometimes deteriorates upon taking damage.


Message History

The centaur warrior shouts! x2
The centaur warrior wields a +0 longbow.
The centaur warrior shoots an arrow.
The arrow hits you!!
You hear a splash.
The centaur warrior wields a +0 shortbow.
The centaur warrior shoots an arrow.
The arrow hits you!!
* * * LOW HITPOINT WARNING * * *
You hear a splash.
The centaur warrior shoots an arrow.
The arrow barely misses you.
The centaur warrior shoots an arrow.
The arrow closely misses you.
You hear a splash.
You see here 3 arrows.
Okay, then.
A red film seems to cover your vision as you go berserk!
You feel yourself moving faster!
You feel mighty!
The centaur warrior shoots an arrow.
The arrow hits you!
* * * LOW HITPOINT WARNING * * *
You hear a splash.
The centaur warrior shoots an arrow.
The arrow hits you!!
You die...

########################
.#..'..#..'..#__#..')..#
.[..#.)').#..'^.'.)#...#
.#####'#####'#__####...+
.####..#...#(####$(#####
.#__####..##(#≈§@§c#
.#_____##'#_.§§≈§§§+
⌠#_.∩...'..._#≈≈§§c#
##_..__##_.#'##+####
#_____###+#(# #######
###


You could see 2 centaur warriors.

Vanquished Creatures
  2 kobold demonologists (D)
  A slime creature (D)
  Sigmund (D)
  A yak (D)
  A floating eye (D)
  An ogre (D)
  A jelly (D)
  Ijyb (D)
9 creatures vanquished.

Notes
Turn   | Place    | Note
-------+----------+-------------------------------------------
     0 | D        | phalm the Vine Stalker Berserker began the quest for the
                  | Orb.
     0 | D        | Reached XP level 1. HP: 11/11 MP: 2/2
     1 | D        | Noticed Ijyb
     9 | D        | Killed Ijyb
    10 | D        | Reached skill level 4 in Unarmed Combat
    10 | D        | Reached XP level 2. HP: 17/17 MP: 1/3
    10 | D        | Reached XP level 3. HP: 21/21 MP: 1/4
    57 | D        | Noticed an ogre
    62 | D        | Killed an ogre
    63 | D        | Reached skill level 5 in Unarmed Combat
    63 | D        | Gained mutation: Your natural rate of healing is unusually
                  | fast. [Vine Stalker growth]
    63 | D        | Reached XP level 4. HP: 26/26 MP: 5/5
    64 | D        | Noticed Sigmund
    68 | D        | Killed Sigmund
    68 | D        | Reached ** piety under Trog
    69 | D        | Reached skill level 5 in Armour
    69 | D        | Reached skill level 5 in Dodging
    69 | D        | Reached skill level 6 in Unarmed Combat
    69 | D        | Reached XP level 5. HP: 32/32 MP: 6/6
    69 | D        | Reached XP level 6. HP: 36/36 MP: 7/7
   135 | D        | Found an ornate altar of the Wu Jian Council.
   135 | D        | Found a shimmering blue altar of Sif Muna.
   137 | D        | Found a radiant altar of Vehumet.
   143 | D        | Reached skill level 7 in Unarmed Combat
   145 | D        | Found Rucorac's Antique Armour Emporium.
   145 | D        | Found an ancient bone altar of Kikubaaqudgha.
   145 | D        | Found a hazy altar of Hepliaklqana.
   145 | D        | Found a stormy altar of Qazlal.
   145 | D        | Found a hide-covered altar of Uskayaw.
   145 | D        | Found a blossoming altar of Fedhas.
   145 | D        | Found a bloodstained altar of Trog.
   145 | D        | Found an iron altar of Okawaru.
   145 | D        | Found a basalt altar of Yredelemnul.
   145 | D        | Found a glowing golden altar of the Shining One.
   145 | D        | Found a snail-covered altar of Cheibriados.
   145 | D        | Found a sacrificial altar of Ru.
   145 | D        | Found a glowing silver altar of Zin.
   145 | D        | Found a shadowy altar of Dithmenos.
   145 | D        | Found a white marble altar of Elyvilon.
   145 | D        | Noticed a yak
   151 | D        | Killed a yak
   153 | D        | Found an opulent altar of Gozag.
   172 | D        | Found a sparkling altar of Nemelex Xobeh.
   176 | D        | Bought a shadowed robe for 142 gold pieces
   176 | D        | Bought a pair of boots for 112 gold pieces
   186 | D        | Identified the +2 robe "Zuxzemen" {Int+4} (You bought it in
                  | a shop in the Dungeon)
   201 | D        | Found a viscous altar of Jiyva.
   201 | D        | Found a corrupted altar of Lugonu.
   201 | D        | Noticed a slime creature
   202 | D        | Found a burning altar of Makhleb.
   202 | D        | Found a shimmering altar of Xom.
   210 | D        | Killed a slime creature
   210 | D        | Reached *** piety under Trog
   211 | D        | Reached skill level 8 in Unarmed Combat
   211 | D        | Reached XP level 7. HP: 13/42 MP: 2/8
   273 | D        | Noticed a kobold demonologist
   273 | D        | Noticed a kobold demonologist
   285 | D        | Killed a kobold demonologist
   286 | D        | Reached skill level 9 in Unarmed Combat
   286 | D        | Gained mutation: You have razor-sharp teeth. [Vine Stalker
                  | growth]
   286 | D        | Reached XP level 8. HP: 48/48 MP: 9/9
   287 | D        | Gained mutation: Your body sometimes deteriorates upon
                  | taking damage. [a neqoxec]
   290 | D        | Killed a kobold demonologist
   290 | D        | Reached **** piety under Trog
   338 | D        | Noticed a centaur warrior
   341 | D        | Noticed a centaur warrior
   343 | D        | Shot with an arrow by a centaur warrior

Illustrated notes

Levels and vault maps discovered:
D:        dungeon_sprint_1 [red_sonja_temple_1, red_sonja_temple_small_1]

Skill      XL: |  1  2  3  4  5  6  7 |
---------------+----------------------+-----
Fighting       | 3 4 6 7 8 |  8.9
Armour         | 2 4 5 6 7 |  7.8
Dodging        | 2 4 5 6 7 |  7.8
Unarmed Combat | 4 5 6 8 9 |  9.6

Action                   |  1- 3 |  4- 6 |  7- 9 || total
-------------------------+-------+-------+-------++-------
Melee: Unarmed           |     9 |    17 |    13 ||    39
       Bite              |     5 |     7 |     3 ||    15
       Punch             |       |     1 |       ||     1
Invok: Berserk           |     2 |     2 |     2 ||     6
Armor: Robe              |       |     1 |     2 ||     3
Dodge: Dodged            |     2 |     4 |    10 ||    16
